[Event "The Kvibergspelen 2024"]
[Site "Kviberg Park Hotel & Conference, Krutvagen 2, Gothenburg, Sweden"]
[Date "2024.09.06"]
[Round "3.21"]
[White "Lilliehook, Victor"]
[Black "Lindholm, Marcus"]
[Result "1-0"]
[TimeControl "15 minutes + 5 seconds per move from move one (Round 1 - 4) / 90 minutes + 30 seconds per move from move one (Round 5 - 8)"]
[WhiteFideId "1752103"]
[BlackFideId "1743473"]
[WhiteElo "2017"]
[BlackElo "1853"]

1. e4 c5 2. Nf3 Nc6 3. d4 cxd4 4. Nxd4 Nf6 5. Nc3 e5 6. Ndb5 d6 7. a4 a6 8. Na3 Be6 9. Bg5 Be7 10. Bxf6 Bxf6 11. Bc4 Rc8 12. Nd5 Bg5 13. c3 Ne7 14.
O-O O-O 15. Qb3 Bxd5 16. Bxd5 Nxd5 17. Qxd5 Qc7 18. Rfd1 Rfd8 19. Rd3 Qc6 20. Qxc6 Rxc6 21. Rad1 Be7 22. a5 b6 23. axb6 Rxb6 24.
Nc4 Rc6 25. Nxe5 Rc5 26. Nf3 Rb8 27. b4 Rc4 28. e5 d5 29. Nd4 Rbc8 30. Nf5 Bg5 31. Nd6 Rxc3 32. Nxc8 Rxc8 33. Rxd5 g6 34. g3 Rb8 35. Rb1 Be7 36.
b5 a5 37. b6 Bb4 38. Rb5 Kf8 39.
b7 Ke7 40. Rc1 Kd7 41. Kg2 Be7 42. Rd5+ Ke6 43. Rb5 Kd7 44. Rcb1 a4 45. Ra5 a3 46. Ra8 a2 47. Rxa2 Kc7 48. Rc2+ Kd7 49. f4 1-0

[Event "The Kvibergspelen 2024"]
[Site "Kviberg Park Hotel & Conference, Krutvagen 2, Gothenburg, Sweden"]
[Date "2024.09.06"]
[Round "4.1"]
[White "Kucuksari, Kaan"]
[Black "Nord, Alexander"]
[Result "1-0"]
[TimeControl "15 minutes + 5 seconds per move from move one (Round 1 - 4) / 90 minutes + 30 seconds per move from move one (Round 5 - 8)"]
[WhiteTitle "IM"]
[BlackTitle "CM"]
[WhiteFideId "6380166"]
[BlackFideId "1738135"]
[WhiteElo "2455"]
[BlackElo "2209"]

1. d4 d5 2. Nf3 Nf6 3. Bf4 e6 4. e3 c5 5. Nbd2 Nc6 6.
c3 cxd4 7. exd4 Nh5 8. Be3 Bd6 9. Ne5 Nf6 10.
f4 Qb6 11. Qb3 Ng8 12. Qxb6 axb6 13. Bb5 Nge7 14. Ndf3 f6 15. Ng4 Bd7 16. O-O Na5 17. Bd3 O-O 18. Rfe1 b5 19. Nf2 Rfc8 20.
a3 Nc4 21. Bc1 h6 22. Rb1 g5 23. g3 Kf7 24. Ng4 gxf4 25. Nxh6+ Kg7 26. Ng4 fxg3 27. hxg3 Bxg3 28. Re2 e5 29.
Rg2 Bxg4 30. Rxg3 f5 31. Bxc4 bxc4 32. Nxe5 Kf6 33. Nd7+ Kf7 34. Nb6 Rg8 35. Nxa8 Rxa8 36. Bd2 b5 37. Re1 Nc8 38. Re5 Nb6 39.
Rge3 Ra7 40. Re1 Rd7 41. Bg5 Kg6 42. Bc1 Kf7 43. Re6 Na4 44. Kf2 f4 45. R6e5 Kf6 46. Rg1 Bf5 47. Rh1 Be4 48.
Rh4 f3 49. Rf4+ Kg6 50. Rf8 Rh7 51. Rg5+ Kh6 52. Rf6+ 1-0

[Event "The Kvibergspelen 2024"]
[Site "Kviberg Park Hotel & Conference, Krutvagen 2, Gothenburg, Sweden"]
[Date "2024.09.06"]
[Round "4.2"]
[White "Mashhadi, Peyman"]
[Black "Sorensen, Hampus"]
[Result "0-1"]
[TimeControl "15 minutes + 5 seconds per move from move one (Round 1 - 4) / 90 minutes + 30 seconds per move from move one (Round 5 - 8)"]
[BlackTitle "IM"]
[WhiteFideId "1768581"]
[BlackFideId "8703884"]
[WhiteElo "2148"]
[BlackElo "2420"]

1. Nf3 Nf6 2. d4 d5 3. c4 e6 4. g3 Bb4+ 5. Bd2 Be7 6. Qc2 c6 7. Bg2 Nbd7 8. O-O Ne4 9. Bf4 g5 10.
Be3 Nd6 11. cxd5 exd5 12. Nc3 Nb6 13. b3 Bf5 14. Qc1 f6 15. a4 a5 16. Re1 O-O 17. Nd2 Bg6 18. f3 f5 19. Bf2 f4 20.
g4 Bf6 21. e4 fxe3 22. Bxe3 Nd7 23. Qa3 Nb8 24. Nf1 Na6 25. Na2 Ne8 26. Bf2 Qb6 27. Qb2 Ng7 28. Rad1 Rae8 29. Ng3 Ne6 30.
Ne2 Nb4 31. Nxb4 Qxb4 32. Qa2 Re7 33. Rd2 Rfe8 34. Red1 Nc7 35. Bf1 Qd6 36. Bg3 Qd8 37. Bf2 Na6 38. Nc1 Nb4 39. Qb2 h5 40. h3 hxg4 41. hxg4 Rh7 42.
Bg3 c5 43. Be5 Bxe5 44. dxe5 d4 45. Bc4+ Kg7 46. Nd3 Nxd3 47. Bxd3 Bxd3 48. Rxd3 Rxe5 49. Qf2 Qe7 50. R3d2 Re3 51.
Qg3 Rxb3 52. Re1 Re3 53. Rde2 Rxe2 54. Rxe2 Qxe2 55. Qc7+ Kg6 56. Qd6+ Kf7 57. Qd7+ Qe7 58. Qf5+ Kg7 0-1

[Event "The Kvibergspelen 2024"]
[Site "Kviberg Park Hotel & Conference, Krutvagen 2, Gothenburg, Sweden"]
[Date "2024.09.06"]
[Round "4.3"]
[White "Arman, Deniz"]
[Black "Muntean, Victor"]
[Result "1-0"]
[TimeControl "15 minutes + 5 seconds per move from move one (Round 1 - 4) / 90 minutes + 30 seconds per move from move one (Round 5 - 8)"]
[WhiteTitle "FM"]
[WhiteFideId "6302106"]
[BlackFideId "1054414"]
[WhiteElo "2348"]
[BlackElo "2158"]

1. e4 e5 2. Nf3 Nc6 3. Bb5 a6 4. Bxc6 dxc6 5. O-O Qf6 6. d4 exd4 7. Bg5 Qd6 8. Nxd4 Be7 9. Be3 Nh6 10. f3 g5 11. Qe2 c5 12. Nb3 b6 13. Nc3 Bb7 14. Rad1 Qe6 15. f4 Bxe4 16. fxg5 Nf5 17. Bxc5 bxc5 18.
Nxe4 c4 19. Nd4 Nxd4 20. Rxd4 Bc5 21. Qf2 Bxd4 22. Qxd4 Qb6 23. Nf6+ Ke7 24. Nd5+ 1-0

[Event "The Kvibergspelen 2024"]
[Site "Kviberg Park Hotel & Conference, Krutvagen 2, Gothenburg, Sweden"]
[Date "2024.09.06"]
[Round "4.4"]
[White "Grahn, Vidar"]
[Black "Kingsley, Elias"]
[Result "1-0"]
[TimeControl "15 minutes + 5 seconds per move from move one (Round 1 - 4) / 90 minutes + 30 seconds per move from move one (Round 5 - 8)"]
[WhiteTitle "FM"]
[WhiteFideId "1744780"]
[BlackFideId "1775006"]
[WhiteElo "2219"]
[BlackElo "2047"]

1. d4 Nf6 2. c4 e6 3. Nf3 d5 4. g3 Be7 5. Bg2 O-O 6. O-O b6 7. cxd5 exd5 8. Nc3 Bb7 9. Ne5 Nbd7 10. Qa4 Nxe5 11. dxe5 Ne8 12.
Rd1 c6 13. e4 b5 14. Qb3 d4 15. a4 b4 16. Ne2 c5 17. e6 fxe6 18. Qxe6+ Kh8 19. Nf4 Nc7 20. Qg4 Qc8 21. Qh5 Qe8 22.
Qe5 Qd8 23. Nh5 Rf7 24. Bf4 Rc8 25. Bh3 Bf6 26. Nxf6 gxf6 27. Qh5 Re7 28. Bxc8 Qxc8 29. Qxc5 1-0

[Event "The Kvibergspelen 2024"]
[Site "Kviberg Park Hotel & Conference, Krutvagen 2, Gothenburg, Sweden"]
[Date "2024.09.06"]
[Round "4.5"]
[White "Schriever-Abeln, Marius"]
[Black "Lindberg, Bengt"]
[Result "0-1"]
[TimeControl "15 minutes + 5 seconds per move from move one (Round 1 - 4) / 90 minutes + 30 seconds per move from move one (Round 5 - 8)"]
[BlackTitle "IM"]
[WhiteFideId "1752650"]
[BlackFideId "1700359"]
[WhiteElo "2069"]
[BlackElo "2337"]

1. d4 Nf6 2. c4 e6 3. Nf3 b6 4. g3 Ba6 5. Qc2 Bb7 6. Bg2 c6 7. e4 d5 8. cxd5 cxd5 9. e5 Ne4 10. O-O Nc6 11. a3 Rc8 12. Nc3 Na5 13.
Nd2 Nxc3 14. bxc3 Qc7 15. Bb2 Ba6 16. Rfe1 Be7 17. f4 g6 18. g4 h5 19. f5 gxf5 20. gxf5 Kd7 21. Bh3 Rcg8+ 22. Kh1 Qc6 23. Rg1 Rxg1+ 24. Rxg1 Kd8 25. Rg7 f6 26. fxe6 fxe5 27. Qg6 Re8 28. Nf3 Nc4 29. Nxe5 Nxe5 30. dxe5 Qb5 31. Rg8 Rxg8 32. Qxg8+ Qe8 33. Qxe8+ Kxe8 34. Kg2 Kf8 35. Kf3 Kg7 36. Bc1 Kg6 37. Ke3 Bg5+ 38. Kd4 Bxc1 39. Kxd5 Bxa3 40.
Kc6 Be7 41. Kd7 Bg5 42. e7 Bb5+ 43. Kd6 Kf7 44. Be6+ Ke8 45. Bf5 Bxe7+ 46. Kc7 Bc4 47. e6 b5 48. Bg6+ Kf8 49. Bxh5 a5 0-1

[Event "The Kvibergspelen 2024"]
[Site "Kviberg Park Hotel & Conference, Krutvagen 2, Gothenburg, Sweden"]
[Date "2024.09.06"]
[Round "4.6"]
[White "Ostlund, Joar"]
[Black "Sjoholm, Emil"]
[Result "0-1"]
[TimeControl "15 minutes + 5 seconds per move from move one (Round 1 - 4) / 90 minutes + 30 seconds per move from move one (Round 5 - 8)"]
[WhiteTitle "FM"]
[WhiteFideId "1735020"]
[BlackFideId "1720449"]
[WhiteElo "2335"]
[BlackElo "2092"]

1. d4 Nf6 2. c4 e6 3. Nf3 c5 4. d5 exd5 5. cxd5 d6 6. Nc3 g6 7. h3 Bg7 8. Bf4 O-O 9. e3 Ne8 10. Be2 f5 11. O-O Nd7 12. a4 h6 13.
Bh2 g5 14. Nd2 f4 15. exf4 gxf4 16. Nc4 Ne5 17. Nxe5 Bxe5 18. Kh1 Qh4 19. Bf3 Rf5 20. Bg4 Rg5 21. f3 Nf6 22. Qe1 Qxe1 23.
Raxe1 Kf7 24. Re2 h5 25. Bxc8 Rxc8 26. Rd1 h4 27. Ne4 Rg6 28. b3 Nh5 29. Rc1 Re8 30. Rce1 Reg8 31. Rd1 b6 32.
Kg1 Ng7 33. Rde1 Nf5 34. Kh1 Nd4 35. Rf2 Nxb3 36. Rb1 Nd4 37.
Kg1 Nf5 38. Kf1 Ne3+ 39. Ke2 Rxg2 40.
a5 Rxf2+ 41. Nxf2 Nxd5 42. Kd3 Nb4+ 43. Ke4 Ke6 44. Bxf4 d5+ 45. Ke3 Bd4+ 46. Ke2 Rg2 47. Be3 Bxe3 48.
Kxe3 d4+ 49. Ke2 bxa5 50. Kf1 Rg3 51. Ke2 c4 52. Ra1 c3 53. Rxa5 c2 54. Rc5 Rg1 55. Kd2 Rf1 56. Ne4 d3 57.
Ng5+ Ke7 58. Rc4 Na2 59. Re4+ Kf6 60. Nh7+ Kg6 61. Nf8+ Kf7 62. Rf4+ Ke7 63. Ng6+ Ke6 64. Re4+ Kf6 0-1

[Event "The Kvibergspelen 2024"]
[Site "Kviberg Park Hotel & Conference, Krutvagen 2, Gothenburg, Sweden"]
[Date "2024.09.06"]
[Round "4.7"]
[White "Krilovs, Nikolajs"]
[Black "Ernst, Thomas"]
[Result "0-1"]
[TimeControl "15 minutes + 5 seconds per move from move one (Round 1 - 4) / 90 minutes + 30 seconds per move from move one (Round 5 - 8)"]
[BlackTitle "GM"]
[WhiteFideId "11603100"]
[BlackFideId "1700065"]
[WhiteElo "2054"]
[BlackElo "2261"]

1. e4 e5 2. Nf3 Nc6 3. Bb5 a6 4. Ba4 Nf6 5. O-O Nxe4 6. d4 b5 7. Bb3 d5 8. dxe5 Be6 9. c3 Bc5 10.
Nbd2 O-O 11. Nxe4 dxe4 12. Bxe6 Qxd1 13. Rxd1 fxe6 14. Nd4 Nxe5 15. Re1 Nd3 16. Rxe4 e5 17. Ne6 Bxf2+ 18. Kh1 Rf6 19.
Nxc7 Bb6 20. Be3 Bxc7 21. b3 Raf8 22. h4 Nf2+ 23. Bxf2 Rxf2 24. a4 R8f4 25. Rxf4 Rxf4 26. g3 Rf8 27.
axb5 axb5 28. Ra7 Bb8 29. Re7 Bd6 30. Rd7 Rf6 31. g4 e4 0-1

[Event "The Kvibergspelen 2024"]
[Site "Kviberg Park Hotel & Conference, Krutvagen 2, Gothenburg, Sweden"]
[Date "2024.09.06"]
[Round "4.8"]
[White "Andersson, Robert"]
[Black "Wahlstrom, Lennart"]
[Result "0-1"]
[TimeControl "15 minutes + 5 seconds per move from move one (Round 1 - 4) / 90 minutes + 30 seconds per move from move one (Round 5 - 8)"]
[WhiteFideId "1703226"]
[BlackFideId "1706829"]
[WhiteElo "2098"]
[BlackElo "2058"]

1. e4 e5 2. Nf3 Nc6 3. Bb5 Nf6 4. O-O Nxe4 5. d4 Nd6 6. Bxc6 dxc6 7. dxe5 Nf5 8. Qxd8+ Kxd8 9. h3 Be7 10.
Nc3 Nh4 11. Rd1+ Ke8 12. Nd4 Ng6 13. Nf3 Be6 14. Be3 Rd8 15. Rxd8+ Kxd8 16. Rd1+ Kc8 17. a3 Rd8 18. Rxd8+ Kxd8 19. g4 a6 20. Ne4 Bd5 21.
Ned2 Kd7 22. c4 Bxf3 23. Nxf3 Ke6 24. Bd4 Nf4 25. Kh2 c5 26. Bc3 h6 27. b3 b5 28. Ba5 c6 29. Bd2 Nd3 30.
Kg3 bxc4 31. bxc4 Nb2 32. Bc3 Nxc4 33. a4 Nb6 34. a5 Nd5 35. Bd2 Bd8 36. g5 hxg5 37. Kg4 f6 38. Kh5 Nf4+ 39.
Bxf4 gxf4 40. Kg6 fxe5 41. Kxg7 e4 42. Nd2 e3 43. fxe3 fxe3 44. Nf3 e2 45. Kg6 Bh4 46. Nxh4 e1=Q 47.
Nf3 Qg3 48. Ng5+ Ke5 49. h4 c4 50. Kf7 Qf4+ 51. Kg6 Qf6+ 52. Kh5 c3 0-1

[Event "The Kvibergspelen 2024"]
[Site "Kviberg Park Hotel & Conference, Krutvagen 2, Gothenburg, Sweden"]
[Date "2024.09.06"]
[Round "4.9"]
[White "Andersson, Johan"]
[Black "Bengtsson, Siv"]
[Result "1-0"]
[TimeControl "15 minutes + 5 seconds per move from move one (Round 1 - 4) / 90 minutes + 30 seconds per move from move one (Round 5 - 8)"]
[WhiteFideId "1703935"]
[BlackFideId "1701673"]
[WhiteElo "2158"]
[BlackElo "1972"]

1. e4 c5 2. Nf3 Nc6 3. Bb5 d6 4. d4 cxd4 5. Qxd4 Bd7 6. Bxc6 Bxc6 7. Nc3 Nf6 8. Bg5 e6 9. O-O-O Be7 10.
Rhe1 O-O 11. Kb1 a6 12. Qd2 Rc8 13. Nd4 h6 14. Bxh6 gxh6 15. Qxh6 Nh7 16. Rd3 Bg5 17. Rg3 Kh8 18.
Qh5 Qf6 19. Nf3 Bf4 20. Rh3 Qg7 21. g3 f5 22. gxf4 fxe4 23. Ng5 Be8 24. Qxh7+ Qxh7 25. Rxh7+ Kg8 26. Rh4 d5 27. Rg1 Bg6 28.
Nxe6 Rf6 29. f5 1-0

[Event "The Kvibergspelen 2024"]
[Site "Kviberg Park Hotel & Conference, Krutvagen 2, Gothenburg, Sweden"]
[Date "2024.09.06"]
[Round "4.10"]
[White "Rajcevski, Dejan"]
[Black "Larsen, Linus"]
[Result "1-0"]
[TimeControl "15 minutes + 5 seconds per move from move one (Round 1 - 4) / 90 minutes + 30 seconds per move from move one (Round 5 - 8)"]
[WhiteFideId "1759027"]
[BlackFideId "1715275"]
[WhiteElo "2131"]
[BlackElo "1952"]

1. d4 Nf6 2. Bf4 g6 3. Nc3 d5 4. Qd2 Bg7 5. f3 O-O 6. O-O-O c6 7. g4 Re8 8. h4 h5 9. gxh5 Nxh5 10.
Nh3 e5 11. Bxe5 Bxe5 12. dxe5 Ng3 13. Rh2 Nxf1 14. Rxf1 Rxe5 15. Ng5 f6 16. f4 Re8 17. Nf3 Kg7 18. h5 d4 19. Nxd4 c5 20.
Ndb5 Qxd2+ 21. Kxd2 Na6 22. Rg1 Bd7 23. Nd6 Red8 24. Rxg6+ Kh7 25. Rxf6 Bc6 26. Kc1 Nc7 27. e4 b5 28.
e5 b4 29. Rf7+ Kh8 30. Rxc7 bxc3 31. Rxc6 cxb2+ 32. Kxb2 Rab8+ 33. Kc3 Rb4 34. Nf7+ 1-0

[Event "The Kvibergspelen 2024"]
[Site "Kviberg Park Hotel & Conference, Krutvagen 2, Gothenburg, Sweden"]
[Date "2024.09.06"]
[Round "4.11"]
[White "Dingertz, Gustav"]
[Black "Nilsson, Patrik"]
[Result "1-0"]
[TimeControl "15 minutes + 5 seconds per move from move one (Round 1 - 4) / 90 minutes + 30 seconds per move from move one (Round 5 - 8)"]
[WhiteFideId "1767917"]
[BlackFideId "1708171"]
[WhiteElo "1938"]
[BlackElo "2124"]

1. e4 e6 2. d4 d5 3. e5 c5 4. c3 Qb6 5. Nf3 Nc6 6. a3 f6 7. exf6 Nxf6 8. Be2 Bd6 9. O-O O-O 10.
h3 Bd7 11. b4 cxd4 12. cxd4 e5 13. dxe5 Nxe5 14. Bb2 Rae8 15. Nbd2 Bb5 16. Bxb5 Qxb5 17. Nd4 Qb6 18. Rc1 Nd3 19. Ba1 Nxc1 20. Qxc1 Ne4 21.
N2f3 Bb8 22. Qb2 Qg6 23. Kh1 Be5 24. Nxe5 Rxe5 25. Nf3 Rh5 26. Ne5 Qe6 27. Kh2 Ng5 28. Ng4 Rf7 29. Qd4 Ne4 30.
Ne5 Re7 31. f4 b6 32. g4 Rh6 33. Rc1 Rf6 34. Rc6 Rxf4 35. Rxe6 Rxe6 36. Qxd5 Ng5 37. h4 Rxe5 1-0

[Event "The Kvibergspelen 2024"]
[Site "Kviberg Park Hotel & Conference, Krutvagen 2, Gothenburg, Sweden"]
[Date "2024.09.06"]
[Round "4.12"]
[White "Ask, Josef"]
[Black "Johansson, Roy"]
[Result "1-0"]
[TimeControl "15 minutes + 5 seconds per move from move one (Round 1 - 4) / 90 minutes + 30 seconds per move from move one (Round 5 - 8)"]
[WhiteTitle "FM"]
[WhiteFideId "1704583"]
[BlackFideId "1745972"]
[WhiteElo "2106"]
[BlackElo "1936"]

1. b3 e5 2. Bb2 d6 3. e4 f5 4. exf5 Bxf5 5. Nf3 Nf6 6. Be2 Be7 7. d4 e4 8. Nfd2 d5 9. g4 Be6 10.
g5 Nfd7 11. h4 Nc6 12. Bg4 Nf8 13. a3 Qd7 14. Rg1 Ng6 15. Bxe6 Qxe6 16. Qg4 Qxg4 17. Rxg4 O-O 18. Nc3 Rad8 19.
Ne2 Bd6 20. c4 Nce7 21. c5 Bh2 22. Nf1 Bf4 23. h5 Bxg5 24. Rxg5 Nf4 25. Nxf4 Rxf4 26. Bc1 Rf3 27. Be3 Rdf8 28.
Ra2 Nf5 29. Re2 h6 30. Rg4 Rh3 31.
Ng3 Nxg3 32. Rxg3 Rxh5 33. Kd2 Kf7 34. Bf4 c6 35. Bd6 Re8 36. Be5 g5 37. Ree3 Ke6 38. f3 Rh2+ 39. Kc3 exf3 40.
Rgxf3 g4 41. Bxh2+ 1-0

[Event "The Kvibergspelen 2024"]
[Site "Kviberg Park Hotel & Conference, Krutvagen 2, Gothenburg, Sweden"]
[Date "2024.09.06"]
[Round "4.13"]
[White "Harila, Per"]
[Black "Lehtonen, Ture"]
[Result "1/2-1/2"]
[TimeControl "15 minutes + 5 seconds per move from move one (Round 1 - 4) / 90 minutes + 30 seconds per move from move one (Round 5 - 8)"]
[WhiteFideId "1707248"]
[BlackFideId "1712446"]
[WhiteElo "1922"]
[BlackElo "2099"]

1. d4 e6 2. c4 b6 3. Nf3 f5 4. g3 Nf6 5. Bg2 Bb4+ 6. Bd2 a5 7. Ne5 Ra7 8. O-O O-O 9. Nc3 Bxc3 10.
Bxc3 d6 11. Nd3 Bb7 12. Bxb7 Rxb7 13. b4 axb4 14. Bxb4 Nc6 15. e3 b5 16. cxb5 Rxb5 17. Rb1 Qa8 18. Qc2 Nd5 19. Bd2 Rfb8 20.
Rxb5 Rxb5 21. Rb1 Qb7 22. Rxb5 Qxb5 23. a4 Qa6 24. Nf4 Nxf4 25. gxf4 Kf7 26.
Qb3 Ne7 27. a5 Nd5 28. Qa4 Ke7 29. Kg2 c6 30. Be1 Kd7 31. Qb3 Kc7 32. Qa3 Ne7 33. Bb4 Nc8 34. Qa2 Kd7 35. Qa3 Na7 36.
Be1 Qb5 37. a6 Qb6 38. Qa1 Qb5 39. Kg3 Qd5 40. Qb2 Qb5 41. Qa1 Qd5 1/2-1/2

[Event "The Kvibergspelen 2024"]
[Site "Kviberg Park Hotel & Conference, Krutvagen 2, Gothenburg, Sweden"]
[Date "2024.09.06"]
[Round "4.14"]
[White "Degerfeldt, Sven"]
[Black "Eriksson, Kristian"]
[Result "0-1"]
[TimeControl "15 minutes + 5 seconds per move from move one (Round 1 - 4) / 90 minutes + 30 seconds per move from move one (Round 5 - 8)"]
[WhiteFideId "1717430"]
[BlackFideId "1705172"]
[WhiteElo "1915"]
[BlackElo "2051"]

1. d4 Nf6 2. c4 e6 3. Nc3 Bb4 4. e3 c5 5. Nf3 O-O 6. Bd2 cxd4 7. exd4 d5 8. a3 Be7 9. c5 b6 10.
b4 bxc5 11. bxc5 Nc6 12. Bb5 Na5 13. Ne5 Qc7 14. f4 a6 15. Bd3 Nd7 16. O-O Nc6 17. Ne2 f6 18. Nxc6 Qxc6 19. Ng3 f5 20. Qe2 g6 21. Rab1 Nf6 22. Rb6 Qa4 23. Rxe6 Bxe6 24. Qxe6+ Rf7 25. Bb4 a5 26. c6 axb4 27.
c7 Qxa3 28. Bxf5 gxf5 29. Nxf5 Bf8 30. c8=Q Rxc8 31. Qxc8 Qa7 32. Nh6+ Kg7 33. Nxf7 Qxd4+ 34. Kh1 Kxf7 35. Qf5 Qe4 36.
Qc8 d4 37. Ra1 d3 38. h3 d2 39. Qc7+ Be7 40. Kh2 b3 41. Rf1 Qe2 42. Rf3 Qxf3 43. gxf3 d1=Q 44. Qc6 Qe2+ 45. Kg3 b2 46. f5 b1=Q 0-1

[Event "The Kvibergspelen 2024"]
[Site "Kviberg Park Hotel & Conference, Krutvagen 2, Gothenburg, Sweden"]
[Date "2024.09.06"]
[Round "4.15"]
[White "Nilsson, Oliver"]
[Black "Ottgard, Andreas"]
[Result "1-0"]
[TimeControl "15 minutes + 5 seconds per move from move one (Round 1 - 4) / 90 minutes + 30 seconds per move from move one (Round 5 - 8)"]
[WhiteFideId "1730177"]
[BlackFideId "1730592"]
[WhiteElo "2050"]
[BlackElo "1931"]

1. d4 Nf6 2. Nf3 g6 3. Nbd2 c5 4. dxc5 Na6 5. a3 Nxc5 6. b4 Ne6 7. Bb2 Bg7 8. c4 O-O 9. g3 b6 10. Bg2 Bb7 11. O-O a5 12.
Qb3 d5 13. Ne5 dxc4 14. Ndxc4 Bxg2 15. Kxg2 a4 16. Qf3 Nd4 17. Bxd4 Qxd4 18. Rad1 Qe4 19. Qxe4 Nxe4 20. Nd7 Nc3 21.
Rd2 Rfd8 22. Ncxb6 Rab8 23. Rd3 Nxe2 24. Rfd1 Nc3 25. Nf6+ Bxf6 26. Rxd8+ Rxd8 27. Rxd8+ Kg7 28. Nd5 Nb5 29. Nxf6 Kxf6 30. Ra8 Nxa3 31. Rxa4 Nb5 32. Ra5 Nd4 33. Rd5 e5 34. f4 Nc2 35.
fxe5+ Ke6 36. Rb5 Nd4 37. Rb7 Nc6 38.
b5 Nxe5 39. Rc7 Kd6 40. b6 h5 41. Rc3 Nc6 42. b7 Nb8 43. Rc8 1-0

[Event "The Kvibergspelen 2024"]
[Site "Kviberg Park Hotel & Conference, Krutvagen 2, Gothenburg, Sweden"]
[Date "2024.09.06"]
[Round "4.16"]
[White "Olsson, Thomas"]
[Black "Al Waeli, Laith"]
[Result "1/2-1/2"]
[TimeControl "15 minutes + 5 seconds per move from move one (Round 1 - 4) / 90 minutes + 30 seconds per move from move one (Round 5 - 8)"]
[BlackTitle "FM"]
[WhiteFideId "1702696"]
[BlackFideId "4801059"]
[WhiteElo "1902"]
[BlackElo "2049"]

1. e4 d5 2. exd5 Qxd5 3. Nc3 Qd6 4. g3 Nf6 5. Bg2 c6 6. Nge2 e5 7. d4 exd4 8. Qxd4 Qxd4 9. Nxd4 Bb4 10.
Bd2 O-O 11. f3 Re8+ 12. Nde2 Bf5 13. O-O-O Nbd7 14. Nd4 Bg6 15. a3 Bc5 16. Nb3 Bb6 17. Rhe1 Ne5 18. Na4 Nc4 19. Nxb6 axb6 20. Rxe8+ Rxe8 21.
Re1 Rd8 22. Bg5 Kf8 23. Bf1 Nd6 24. Rd1 h6 25. Bf4 Ke7 26. Re1+ Kf8 27. Rd1 Ke7 28. Re1+ Kf8 29. Rd1 1/2-1/2

[Event "The Kvibergspelen 2024"]
[Site "Kviberg Park Hotel & Conference, Krutvagen 2, Gothenburg, Sweden"]
[Date "2024.09.06"]
[Round "4.17"]
[White "Kleist, Axel"]
[Black "Karlsson, Stefan"]
[Result "0-1"]
[TimeControl "15 minutes + 5 seconds per move from move one (Round 1 - 4) / 90 minutes + 30 seconds per move from move one (Round 5 - 8)"]
[WhiteFideId "1764322"]
[BlackFideId "1771183"]
[WhiteElo "1855"]
[BlackElo "2035"]

1. e4 c5 2. a3 g6 3. h4 h6 4. Bc4 Nc6 5. Nc3 Bg7 6. d3 e6 7. h5 g5 8. f4 d5 9. exd5 Bxc3+ 10. bxc3 exd5 11. Bb5 Qf6 12. fxg5 hxg5 13. Bb2 Nge7 14. Qf3 Bf5 15. O-O-O g4 16. Qe3 Qh6 17. Bxc6+ bxc6 18. Re1 Kd7 19. Qxh6 Rxh6 20. Ne2 Be6 21. a4 Nf5 22. Ba3 c4 23. dxc4 dxc4 24. Nf4 Ng3 25. Rh4 Rah8 26. Nxe6 Rxe6 27. Rd1+ Kc7 28. Rxg4 Nxh5 29. Rxc4 Rg8 30.
Rcd4 Rxg2 31. Rd7+ Kb6 32. Rxf7 Ree2 33. Bb4 Rxc2+ 34. Kb1 Rb2+ 35. Ka1 Ra2+ 36. Kb1 Ng3 37. a5+ Ka6 38. Rg7 Rgb2+ 0-1

[Event "The Kvibergspelen 2024"]
[Site "Kviberg Park Hotel & Conference, Krutvagen 2, Gothenburg, Sweden"]
[Date "2024.09.06"]
[Round "4.18"]
[White "Lilliehook, Victor"]
[Black "Johansson, William"]
[Result "0-1"]
[TimeControl "15 minutes + 5 seconds per move from move one (Round 1 - 4) / 90 minutes + 30 seconds per move from move one (Round 5 - 8)"]
[WhiteFideId "1752103"]
[BlackFideId "1744070"]
[WhiteElo "2017"]
[BlackElo "1899"]

1. e4 c6 2. d4 d5 3.
exd5 cxd5 4. c4 Nf6 5. Nc3 Nc6 6. Nf3 Bg4 7. Be3 e6 8. c5 Be7 9.
Bb5 Qc7 10. h3 Bh5 11. O-O O-O 12.
Bxc6 bxc6 13. g4 Bg6 14. Ne2 h5 15. g5 Ne4 16. h4 f6 17. Nf4 Bf5 18. g6 e5 19. Nxh5 Bg4 20. Ng3 Nxg3 21.
fxg3 e4 22. Bf4 Qd7 23. Qb3 Bxf3 24.
Rxf3 exf3 25. Qxf3 Qf5 26. h5 Qe4 27. Qf2 Rfe8 28. Re1 Qf5 29. Qf3 Bf8 30. Rf1 Qe4 31. Qg4 Qxd4+ 32. Kh1 Qe4+ 33. Kh2 Qe2+ 34.
Qxe2 Rxe2+ 35. Kh3 Bxc5 36. Kg4 Rae8 37. Rc1 Be3 38. Rxc6 Bxf4 39. gxf4 Rd8 40. Rc7 Rh2 41. Rxa7 d4 0-1

[Event "The Kvibergspelen 2024"]
[Site "Kviberg Park Hotel & Conference, Krutvagen 2, Gothenburg, Sweden"]
[Date "2024.09.06"]
[Round "4.19"]
[White "Marandi, Nader"]
[Black "Ostensson, Julia"]
[Result "0-1"]
[TimeControl "15 minutes + 5 seconds per move from move one (Round 1 - 4) / 90 minutes + 30 seconds per move from move one (Round 5 - 8)"]
[WhiteFideId "12536490"]
[BlackFideId "1747703"]
[WhiteElo "1722"]
[BlackElo "2016"]

1. e4 c5 2. Nc3 e6 3. g3 d5 4. exd5 exd5 5. Bg2 Nf6 6. d4 cxd4 7. Qxd4 Nc6 8. Qd1 Bb4 9. a3 Ba5 10.
Bd2 O-O 11. Nxd5 Nxd5 12. Bxa5 Qxa5+ 13. b4 Re8+ 14. Ne2 Qa6 15. Bxd5 Nd4 16. O-O Nxe2+ 17. Kh1 Bg4 18. f3 Nc3 19.
Bxf7+ Kxf7 20. fxg4+ Kg8 21. Qd3 Qc6+ 22. Qf3 Qxf3+ 23. Rxf3 Ne4 24. Kg2 Rac8 25. Rc1 Nf6 26. g5 Ne4 27. c4 Nxg5 28. Rf2 h6 29. a4 Re4 30. Rfc2 Rd4 31. a5 Ne4 32.
b5 Nc5 33. b6 axb6 34. axb6 Nd3 35. Ra1 Rdxc4 36. Rxc4 Rxc4 37.
Ra8+ Kh7 38. Ra7 Nc5 39. Ra5 Kg6 40. Kf3 Kf6 41. h4 Ke6 42. h5 Kd6 43. Rb5 Kc6 44. Rb1 Ne6 45. Re1 Ng5+ 46. Kg2 Kxb6 47. Re7 Rc7 48. Re5 Kc6 49.
g4 b5 50. Kf2 b4 51. Ke2 b3 52. Kd1 b2 53. Kc2 Kd6+ 0-1

[Event "The Kvibergspelen 2024"]
[Site "Kviberg Park Hotel & Conference, Krutvagen 2, Gothenburg, Sweden"]
[Date "2024.09.06"]
[Round "4.20"]
[White "Wickstrom, Carina"]
[Black "Dingertz, Filip"]
[Result "1-0"]
[TimeControl "15 minutes + 5 seconds per move from move one (Round 1 - 4) / 90 minutes + 30 seconds per move from move one (Round 5 - 8)"]
[WhiteFideId "1743201"]
[BlackFideId "1757288"]
[WhiteElo "2015"]
[BlackElo "1858"]

1. Nf3 d5 2. g3 Nf6 3. Bg2 e6 4.
O-O Be7 5. d4 O-O 6. c4 c6 7. Nc3 Nbd7 8. Nd2 c5 9. dxc5 d4 10. Nce4 Nxc5 11. Nxc5 Bxc5 12. Nb3 Qd6 13. Bg5 Nd7 14.
Qd3 h6 15. Bd2 Rb8 16. Rfd1 e5 17. Qc2 Nb6 18. Nxc5 Qxc5 19. b3 Be6 20. e3 Bg4 21.
Re1 Rfd8 22. exd4 exd4 23. Bf4 d3 24. Qd2 Rbc8 25. Bxb7 Rc6 26. Re3 Qd4 27. Be5 Qd7 28. Bxc6 Qxc6 29.
Rxd3 Re8 30. Rd8 Rxd8 31. Qxd8+ Kh7 32. Qd3+ f5 33. Re1 Nd7 34. Qd5 Nxe5 35. Rxe5 Qf6 36. c5 Qg5 37. Re3 Qf6 38. c6 Qa1+ 39.
Kg2 Bh3+ 40. Kxh3 Qf1+ 41. Qg2 Qb5 42. Re1 f4 43. Qe4+ Kh8 44. Rc1 f3 45. Qxf3 1-0